 Dungeon Crawl Stone Soup version 0.30-a0-556-g0a0f5a245f (webtiles) character file.

Game seed: 7335427370258207360

7421 M4edhros the Sneak (level 11, -4/72 HPs)
             Began as an Octopode Artificer on Dec 26, 2022.
             Was the Champion of Cheibriados.
             Slain by a troll (9 damage)
             ... on level 11 of the Dungeon on Dec 27, 2022.
             The game lasted 00:24:01 (6966 turns).

M4edhros the Sneak (Octopode Artificer)             Turns: 6966, Time: 00:24:02

Health: -4/72      AC:  1    Str: 31    XL:     11   Next: 15%
Magic:  13/13      EV: 19    Int: 28    God:    Cheibriados [******]
Gold:   84         SH:  7    Dex: 30    Spells: 3/13 levels left

rFire   + . .      SeeInvis .      - Unarmed
rCold   . . .      Faith    .    r - +0 buckler
rNeg    . . .      Spirit   .    (helmet restricted)
rPois   .          Reflect  .    w - amulet of the acrobat
rElec   .          Harm     .    e - ring of flight
rCorr   +          Rampage  .    m - ring of protection from fire
Will    .....                    x - ring of resist corrosion
Stlth   ++++++                   (no ring)
HPRegen 0.32/turn                (no ring)
MPRegen 0.13/turn                (no ring)
                                 (no ring)
                                 (no ring)

@: flying, unable to read, very slow
A: almost no armour, amphibious, 8 rings, camouflage 1, gelatinous body 1,
(nimble swimmer 1), tentacles, screaming 1, strong 1, inability to read after
injury 1
a: Renounce Religion, Bend Time, Temporal Distortion, Slouch, Step From Time


You were on level 11 of the Dungeon.
You worshipped Cheibriados.
Cheibriados was exalted by your worship.
You visited 2 branches of the dungeon, and saw 12 of its levels.
You also visited: Sewer.

You collected 552 gold pieces.
You spent 468 gold pieces at shops.

Inventory:

Hand Weapons
 s - a +4 sling of electrocution
Missiles
 a - 50 poisoned darts
 k - 5 curare-tipped darts
Armour
 r - a +0 buckler (worn)
Jewellery
 e - a ring of flight (left tentacle)
 m - a ring of protection from fire (right tentacle)
 w - an amulet of the acrobat (around mantle)
 x - a ring of resist corrosion (on tentacle)
Wands
 f - a wand of iceblast (3)
 D - a wand of flame (6)
 E - a wand of mindburst (11)
Scrolls
 c - a scroll of vulnerability {unknown}
 d - a scroll of enchant armour {unknown}
 g - 3 scrolls of amnesia
 i - a scroll of immolation {unknown}
 n - 3 scrolls of fear
 o - 3 scrolls of butterflies
 p - 3 scrolls of teleportation
 v - 3 scrolls of fog
 y - 2 scrolls of blinking {unknown}
 A - 2 scrolls of torment
 B - 3 scrolls of poison
Potions
 b - 2 potions of curing
 j - a potion of cancellation {unknown}
 l - 2 potions of haste
 q - a potion of magic {unknown}
 t - 7 potions of flight
 u - a potion of attraction
 z - a potion of lignification {unknown}
 C - a potion of brilliance {unknown}
 F - a potion of heal wounds {unknown}
 H - 2 potions of might


   Skills:
 - Level 5.4 Fighting
 + Level 2.5 Ranged Weapons
 + Level 6.2 Dodging
 - Level 7.8 Stealth
 - Level 4.5 Shields
 + Level 7.8 Unarmed Combat
 + Level 1.5 Spellcasting
 - Level 5.1 Summonings
 * Level 1.6 Transmutations
 - Level 5.1 Air Magic
 * Level 1.5 Earth Magic
 + Level 1.1 Invocations
 - Level 6.7 Evocations


You had 3 spell levels left.
You knew the following spells:

 Your Spells              Type           Power      Damage    Failure   Level
a - Summon Lightning Spi  Summ/Air       30%        N/A       14%         4
b - Statue Form           Tmut/Erth      7%         N/A       100%        6

Your spell library contained the following spells:

 Spells                   Type           Power      Damage    Failure   Level
 Summon Small Mammal      Summ           100%       N/A       1%          1
 Shock                    Conj/Air       64%        1d7       4%          1
 Beastly Appendage        Tmut           22%        N/A       6%          1
 Poisonous Vapours        Pois/Air       32%        N/A       6%          2
 Wereblood                Tmut           11%        N/A       10%         2
 Apportation              Tloc           4%         N/A       12%         1
 Necrotise                Necr           8%         1d4       12%         1
 Vhi's Electric Charge    Tloc/Air       32%        N/A       13%         3
 Spider Form              Tmut/Pois      6%         N/A       26%         3
 Tukima's Dance           Hex            2%         N/A       36%         3
 Petrify                  Tmut/Erth      11%        N/A       54%         4
 Lightning Bolt           Conj/Air       8%         1d20      75%         5
 Passage of Golubria      Tloc           2%         N/A       77%         4
 Yara's Violent Unravell  Hex/Tmut       3%         3d4       94%         5
 Metabolic Englaciation   Hex/Ice        1%         N/A       98%         5
 Storm Form               Tmut/Air       10%        N/A       100%        7
 Maxwell's Capacitive Co  Air            15%        ∞         100%        8


Dungeon Overview and Level Annotations

Branches:
Dungeon (11/15)            Temple (1/1) D:4            Lair (0/5) D:10
  Sewer (visited)
    Orc: D:9-12

Altars:
Ashenzari
Cheibriados
Dithmenos
Elyvilon
Fedhas
Gozag
Hepliaklqana
Kikubaaqudgha
Makhleb
Okawaru
Qazlal
Ru
Sif Muna
Trog
Uskayaw
Vehumet
Xom
Zin
The Shining One

Shops:
D:1 [   D:10 ::*=

Annotations:
D:3 3 runed translucent doors, confidenceinterval's ghost, amateur OgWn
D:5 2 transporters, Decritt's ghost, novice DjHW
D:9 3 runed translucent doors, fly's ghost, novice DgDe
D:10 Erica


Innate Abilities, Weirdness & Mutations

You cannot wear most types of armour.
You are amphibious.
You can wear up to eight rings at the same time.
Your skin changes colour to match your surroundings (Stealth+).
Your rubbery body absorbs attacks. (AC +1, EV +1)
((You are camouflaged when in or above water. (Stealth+)))
You have tentacles for arms and can constrict up to eight enemies at once.
You occasionally shout uncontrollably at your foes.
Your muscles are strong. (Str +4, Int/Dex -1)
You occasionally lose the ability to read scrolls when taking damage.


Message History

Press: ? - help, Shift-Dir - straight line The troll barely resists.
You block the gnoll sergeant's attack.
Aiming: Mindburst
Press: ? - help, Shift-Dir - straight line The troll barely resists.
The gnoll sergeant hits you from afar with a +0 spear!
Aiming: Mindburst
Press: ? - help, Shift-Dir - straight line The troll's mind is blasted!!
The troll bites you! The troll barely misses you. The troll claws you!
You feel threatened and lose the ability to read scrolls!
You block the gnoll sergeant's attack.
Okay, then.
Okay, then.
Okay, then.
You cannot read scrolls in your current state!
Unknown command.
Unknown command.
Okay, then.
Okay, then.
Okay, then.
Okay, then.
You cannot read scrolls in your current state!
Unknown command.
Activating: Slouch (50% risk of failure)
Press: ? - help, Dir - look around, f - activate You fail to use your ability.
The gnoll completely misses you.
The gnoll sergeant hits you from afar with a +0 spear!
* * * LOW HITPOINT WARNING * * *
The troll bites you.
* * * LOW HITPOINT WARNING * * *
The troll completely misses you. The troll misses you.
Activating: Slouch (50% risk of failure)
Press: ? - help, Dir - look around, f - activate You fail to use your ability.
The gnoll misses you.
The gnoll sergeant hits you from afar with a +0 spear!
* * * LOW HITPOINT WARNING * * *
You block the troll's attack. The troll closely misses you.
The troll claws you!
You die...

#### #g.## #gg)###
#T#..g######.#
#@###T)......#
........# ##...#...##
........# #...g......
........##.........<.
>....................
#...#................
#.#.#....##.........#
#.# ...#.###..^#...##
#.# ##.....##


You could see a troll, a gnoll sergeant (reflecting) and 2 gnolls.

Vanquished Creatures
  A catoblepas (D:8)
  An ugly thing (D:10)
  A manticore (D:8)
  2 gargoyles (D:10)
  2 trolls (D:9)
  A hornet (D:10)
  A vampire (D:10)
  5 yaks (D:8)
  4 wyverns
  A steam dragon (D:8)
  Edmund (D:5)
  3 orc warriors
  An ice beast (D:8)
  A sky beast (D:7)
  6 ogres
  2 centaurs
  A phantom (D:4)
  4 kobold brigands
  Blork the orc (D:4)
  3 bullfrogs
  5 hounds
  8 orc priests
  2 gnoll boudas
  A jelly (D:5)
  2 iguanas
  10 orc wizards
  Robin (D:2)
  5 gnolls
  11 adders
  4 river rats (Sewer)
  A shadow imp (D:8)
  2 white imps
  2 ufetubi
  3 worms
  5 dart slugs
  31 orcs
  11 endoplasms
  5 giant cockroaches
  21 goblins
  5 hobgoblins (D:2)
  6 jackals
  26 kobolds
  6 quokkas
  15 ball pythons
  11 bats
  10 frilled lizards
  12 rats
263 creatures vanquished.

Vanquished Creatures (collateral kills)
  A steam dragon (D:9)
  A centaur (D:9)
  An iguana (D:7)
  3 orc wizards
  A gnoll (D:7)
  3 orcs (D:4)
  An endoplasm (D:4)
  3 goblins (D:6)
14 creatures vanquished.

Vanquished Creatures (others)
  An ugly thing (D:8)
  An orc wizard (D:4)
  A gnoll (D:7)
3 creatures vanquished.

Grand Total: 280 creatures vanquished

Notes
Turn   | Place    | Note
-------+----------+-------------------------------------------
     0 | D:1      | M4edhros the Octopode Artificer began the quest for the
                  | Orb.
     0 | D:1      | Reached XP level 1. HP: 13/13 MP: 1/1
   185 | D:1      | Reached XP level 2. HP: 6/18 MP: 2/2
   363 | D:1      | Reached skill level 1 in Unarmed Combat
   513 | D:1      | Found Doott's Antique Armour Shoppe.
   520 | D:1      | Reached XP level 3. HP: 21/23 MP: 3/3
   613 | D:2      | Noticed Robin
   623 | D:2      | Identified the +1 giant spiked club "Reydergh" {flame,
                  | rPois rCorr}
   809 | D:3      | Noticed confidenceinterval's ghost (amateur OgWn)
   809 | D:3      | Found a runed translucent gate.
   809 | D:3      | Found a runed translucent gate.
   809 | D:3      | Found a runed translucent gate.
  1001 | D:4      | Noticed a phantom
  1009 | D:4      | Noticed an orc warrior
  1014 | D:4      | Killed a phantom
  1015 | D:4      | Reached XP level 4. HP: 16/29 MP: 4/4
  1015 | D:4      | Reached XP level 5. HP: 19/34 MP: 5/5
  1048 | D:4      | Killed an orc warrior
  1049 | D:4      | Reached XP level 6. HP: 14/41 MP: 6/6
  1193 | D:4      | Found a staircase to the Ecumenical Temple.
  1201 | Temple   | Entered the Ecumenical Temple
  1300 | Temple   | Became a worshipper of Cheibriados the Contemplative
  1401 | D:2      | Killed Robin
  1787 | D:1      | Reached * piety under Cheibriados
  2427 | D:3      | Found a faded altar of an unknown god.
  2623 | D:4      | Noticed Blork the orc
  2633 | D:4      | Killed Blork the orc
  2711 | D:4      | Reached skill level 1 in Shields
  2711 | D:4      | Reached XP level 7. HP: 33/45 MP: 7/7
  3078 | D:5      | Entered Level 5 of the Dungeon
  3154 | D:5      | Found a transporter.
  3154 | D:5      | Noticed Decritt's ghost (novice DjHW)
  3156 | D:5      | Found a transporter.
  3276 | D:5      | Reached ** piety under Cheibriados
  3405 | D:5      | Noticed Edmund
  3416 | D:5      | Killed Edmund
  3454 | D:5      | Reached skill level 5 in Evocations
  3454 | D:5      | Reached XP level 8. HP: 8/52 MP: 8/8
  3497 | D:5      | Found a glowing drain.
  3503 | Sewer    | Entered a sewer
  3548 | Sewer    | Reached skill level 5 in Stealth
  3556 | Sewer    | Reached *** piety under Cheibriados
  3693 | Sewer    | Gained mutation: You are dopey. (Int -2) [potion of
                  | mutation]
  3693 | Sewer    | Gained mutation: You are frail. (-10% HP) [potion of
                  | mutation]
  3693 | Sewer    | Gained mutation: You are resistant to electric shocks.
                  | (rElec) [potion of mutation]
  3694 | Sewer    | Lost mutation: You are resistant to electric shocks.
                  | (rElec) [potion of mutation]
  3694 | Sewer    | Lost mutation: You are frail. (-10% HP) [potion of
                  | mutation]
  3694 | Sewer    | Gained mutation: Your spells are a little harder to cast,
                  | but a little more powerful. [potion of mutation]
  3695 | Sewer    | Lost mutation: You are dopey. (Int -2) [potion of mutation]
  3695 | Sewer    | Lost mutation: Your spells are a little harder to cast, but
                  | a little more powerful. [potion of mutation]
  3695 | Sewer    | Gained mutation: You have hidden genetic defects. [potion
                  | of mutation]
  3695 | Sewer    | Gained mutation: Your muscles are strong. (Str +4, Int/Dex
                  | -1) [potion of mutation]
  4069 | D:5      | Reached **** piety under Cheibriados
  4123 | D:5      | Reached skill level 5 in Unarmed Combat
  4280 | D:6      | Gained mutation: You occasionally lose the ability to read
                  | scrolls when taking damage. [hidden defects]
  4487 | D:6      | Gained mutation: You occasionally shout uncontrollably at
                  | your foes. [hidden defects]
  4487 | D:6      | Lost mutation: You have hidden genetic defects. [hidden
                  | defects expressed]
  4639 | D:6      | Reached ***** piety under Cheibriados
  4803 | D:6      | Learned a level 4 spell: Summon Lightning Spire
  4806 | D:6      | Found a blossoming altar of Fedhas.
  5077 | D:7      | Reached XP level 9. HP: 47/58 MP: 9/9
  5099 | D:7      | Reached skill level 1 in Summonings
  5118 | D:7      | Reached skill level 1 in Air Magic
  5162 | D:7      | Found a white marble altar of Elyvilon.
  5428 | D:8      | Reached skill level 5 in Dodging
  5852 | D:8      | Noticed a green ugly thing
  5852 | D:8      | Noticed a catoblepas
  5856 | D:8      | Noticed a manticore
  5870 | D:8      | Killed a manticore
  5871 | D:8      | Reached XP level 10. HP: 54/65 MP: 10/10
  5885 | D:8      | Killed a catoblepas
  5886 | D:8      | Reached skill level 5 in Fighting
  6162 | D:9      | Noticed fly's ghost (novice DgDe)
  6163 | D:9      | Found a runed translucent gate.
  6164 | D:9      | Found a runed translucent gate.
  6165 | D:9      | Found a runed translucent gate.
  6533 | D:9      | Got the Excursus on Vapour
  6536 | D:9      | Found a sacrificial altar of Ru.
  6553 | D:10     | Entered Level 10 of the Dungeon
  6553 | D:10     | Found Ekhluhoa's Book Emporium.
  6565 | D:10     | Reached ****** piety under Cheibriados
  6601 | D:10     | Bought a book of Sloth for 468 gold pieces
  6611 | D:10     | Noticed a gargoyle
  6615 | D:10     | Reached skill level 1 in Ranged Weapons
  6619 | D:10     | Killed a gargoyle
  6640 | D:10     | Found Deydy's Book Shoppe.
  6651 | D:10     | Noticed a green ugly thing
  6670 | D:10     | Killed a green ugly thing
  6671 | D:10     | Reached skill level 1 in Spellcasting
  6671 | D:10     | Reached skill level 5 in Summonings
  6671 | D:10     | Reached skill level 5 in Air Magic
  6671 | D:10     | Reached XP level 11. HP: 53/72 MP: 12/12
  6678 | D:10     | Learned a level 6 spell: Statue Form
  6713 | D:10     | Found Serch's Assorted Antiques.
  6830 | D:10     | Reached skill level 1 in Transmutations
  6830 | D:10     | Reached skill level 1 in Earth Magic
  6838 | D:10     | Reached skill level 1 in Invocations
  6877 | D:10     | Noticed Erica
  6883 | D:10     | Found a staircase to the Lair.
  6885 | D:10     | Found Xeurexis's Jewellery Boutique.
  6966 | D:11     | Slain by a troll

Illustrated notes

Levels and vault maps discovered:
D:1:      mrwooster_arrival_statue_3, layout_loops_ring, serial_shops,
          nicolae_shop_stone
D:2:      layout_loops_cross, uniq_robin
D:3:      layout_basic, gammafunk_ghost_split,
          dreamdust_ecumenical_altar_statues
D:4:      layout_loops_ring, minmay_temple_entry_butterflies, uniq_blork_the_orc
D:5:      layout_loops_ring, mainiacjoe_overflow_surrounded_room,
          gammafunk_ghost_mausoleum, portal_sewer_entry_e, minmay_puff,
          uniq_edmund
D:6:      layout_loops_cross, mainiacjoe_overflow_24_doors, minmay_ogre_servants
D:7:      layout_basic, mainiacjoe_overflow_alcove_1
D:8:      minmay_curly_fans, layout_loops_ring, serial_shops, kennysheep_mini
D:9:      layout_rooms, nicolae_ru_path_of_blood, ebering_ghost_rock_garden,
          minivault_24
D:10:     layout_stronghold, lair_entry_dummy, erik_orc_4, serial_shops,
          nicolae_shop_stone, kennysheep_little_box, shop_statue,
          nicolae_square_shop, shop, uniq_lodul, uniq_erica
D:11:     layout_rooms, interstate_on_off
Temple:   hc_temple_tempest_star

Skill      XL: |  1  2  3  4  5  6  7  8  9 10 11 |
---------------+----------------------------------+-----
Unarmed Combat | 1 2 3 4 5 6 7 |  7.8
Stealth        | 2 3 4 6 7 |  7.8
Fighting       | 2 3 4 5 |  5.4
Dodging        | 3 4 5 6 |  6.2
Evocations     | 4 5 6 |  6.7
Shields        | 1 2 3 4 |  4.5
Summonings     | 3 5 |  5.1
Air Magic      | 3 5 |  5.1
Ranged Weapons | 2 |  2.5
Spellcasting   | 1 |  1.5
Transmutations | 1 |  1.6
Earth Magic    | 1 |  1.5
Invocations    | 1 |  1.1

Action                   |  1- 3 |  4- 6 |  7- 9 | 10-12 || total
-------------------------+-------+-------+-------+-------++-------
Melee: Unarmed           |    71 |    82 |   267 |   136 ||   556
       Constrict         |    20 |    27 |    67 |    27 ||   141
       Tentacles         |    18 |    28 |    68 |    38 ||   152
       Punch             |     1 |     3 |    13 |    11 ||    28
 Fire: Sling             |       |       |       |    12 ||    12
Evoke: Wand              |     8 |     7 |    14 |    20 ||    49
  Use: Potion            |       |       |     4 |     1 ||     5
       Scroll            |       |       |       |    16 ||    16
 Stab: Sleeping          |    13 |    13 |    27 |     4 ||    57
       Betrayed ally     |       |     1 |       |       ||     1
       Distracted        |       |       |     1 |       ||     1
Armor: Skin              |     5 |     3 |    18 |     3 ||    29
Dodge: Dodged            |    34 |    35 |   166 |   130 ||   365
Block: Buckler           |       |     7 |    48 |    72 ||   127

Table legend: (Time is in decaauts)
 A = Elapsed time spent in this place.
 B = Non-inter-level travel time spent in this place.
 C = Inter-level travel time spent in this place.
 D = Time resting spent in this place.
 E = Time spent auto-exploring this place.
 F = Levels seen in this place.
 G = Mean time per level.
                   A        B        C        D        E       F      G
               +--------+--------+--------+--------+--------+-----+--------+
         Total |   9594 |   9114 |    480 |    111 |   5105 |  13 |  738.0 |
       Dungeon |   8747 |   8283 |    464 |    111 |   4690 |  11 |  795.2 |
        Temple |    116 |    100 |     16 |      0 |     69 |   1 |  116.0 |
         Sewer |    730 |    730 |      0 |      0 |    346 |   1 |  730.0 |
               +--------+--------+--------+--------+--------+-----+--------+

Top non-repeatable levels by time:
     D:6: 1448 daAuts
     D:8: 1103 daAuts
     D:1: 1032 daAuts
     D:2: 1011 daAuts
     D:4: 893 daAuts
     D:5: 756 daAuts
   Sewer: 730 daAuts
     D:9: 723 daAuts
    D:10: 591 daAuts
     D:7: 579 daAuts
     D:3: 534 daAuts
  Temple: 116 daAuts
    D:11: 74 daAuts
